 Dungeon Crawl Stone Soup version 0.28-a0-1638-g9123634e07 (webtiles) character file.

Game seed: 18122813976205810321

333 vineage the Skirmisher (level 6, -2/40 HPs)
             Began as a Gargoyle Gladiator on Jan 25, 2022.
             Slain by Edmund (5 damage)
             ... on level 4 of the Dungeon.
             The game lasted 00:03:47 (4304 turns).

vineage the Skirmisher (Gargoyle Gladiator)         Turns: 4304, Time: 00:03:47

Health: -2/40      AC: 16    Str: 19    XL:     6   Next: 53%
Magic:  15/15      EV:  5    Int:  9    God:
Gold:   132        SH:  3    Dex: 11    Spells: 5/5 levels left

rFire   + . .      SeeInvis .   e - +1 whip
rCold   + . .      Faith    .   i - +0 buckler
rNeg    + . .      Spirit   .   g - +0 plate armour
rPois   ∞          Reflect  .   c - +0 helmet
rElec   +          Harm     .   t - scarf {rC+ rF+}
rCorr   .          Rampage  .   l - +0 pair of gloves
Will    .....                   (no boots)
Stlth   ..........              (no amulet)
HPRegen 0.13/turn               h - ring of magical power
MPRegen 0.14/turn               (no ring)

@: brilliant, invisible
A: sickness immunity, AC +4, negative energy resistance 1, electricity
resistance, torment resistance 1, petrification resistance
a: no special abilities


You were on level 4 of the Dungeon.
You visited 1 branch of the dungeon, and saw 4 of its levels.

You collected 132 gold pieces.

Inventory:

Hand Weapons
 a - a +0 flail
 e - a +1 whip (weapon)
 j - a +1 mace of holy wrath
Missiles
 d - 3 throwing nets (quivered)
Armour
 c - a +0 helmet (worn)
 g - a +0 plate armour (worn)
 i - a +0 buckler (worn)
 l - a +0 pair of gloves (worn)
 t - a scarf of resistance (worn)
Jewellery
 h - a ring of magical power (left hand)
Scrolls
 f - 2 scrolls of immolation
 m - 3 scrolls of vulnerability
 q - a scroll of teleportation


   Skills:
 * Level 5.6 Fighting
 + Level 4.3 Maces & Flails
 - Level 1.7 Throwing
 - Level 3.4 Dodging


You had 5 spell levels left.
You didn't know any spells.
Your spell library contained the following spells:

 Spells                   Type           Power      Damage    Failure   Level
 Magic Dart               Conj           0%         1d3       100%        1
 Searing Ray              Conj           0%         2d4       100%        2
 Tukima's Dance           Hex            0%         N/A       100%        3
 Fulminant Prism          Conj/Hex       0%         3d6       100%        4
 Iskenderun's Mystic Bla  Conj/Tloc      0%         2d3       100%        4
 Passage of Golubria      Tloc           0%         N/A       100%        4
 Lee's Rapid Deconstruct  Erth           0%         3d5*      100%        5
 Yara's Violent Unravell  Hex/Tmut       0%         3d3       100%        5


Dungeon Overview and Level Annotations

Branches:
Dungeon (4/15)
 Temple: D:4-7

Altars:

Shops:
D:1 ?

Annotations:
D:4 Edmund


Innate Abilities, Weirdness & Mutations

You are immune to sickness and miasma.
Your stone body is resilient. (AC +4)
You are immune to poison.
You resist negative energy. (rN+)
You are resistant to electric shocks. (rElec)
You are resistant to unholy torment.
You are immune to petrification.


Message History

It was a potion of brilliance.
You feel clever all of a sudden. Edmund barely misses you.
It was a potion of curing.
You feel better.
Edmund hits you with a +4 flail of protection.
You catch the helpless Edmund completely off-guard!
You hit Edmund but do no damage.
Edmund is moderately wounded.
You hit Edmund but do no damage.
Edmund is moderately wounded.
Edmund hits you but does no damage.
You barely miss Edmund.
Edmund is moderately wounded.
Edmund says, "I might not be good at magic, but I can still kill you!"
You block Edmund's attack.
You hit Edmund but do no damage.
Edmund is moderately wounded.
Edmund says, "Everyone always remembers my brother. 'Who's Edmund?' they ask!"
Edmund hits you but does no damage.
You closely miss Edmund.
Edmund is moderately wounded.
Edmund hits you with a +4 flail of protection!
* * * LOW HITPOINT WARNING * * *
You are too injured to fight recklessly!
You catch the helpless Edmund completely off-guard!
You whack Edmund!
Edmund is heavily wounded.
Edmund says, "People think my brother is the best.
I think he's crazy."
Edmund hits you but does no damage.
You hit Edmund but do no damage.
Edmund is heavily wounded.
Edmund barely misses you.
You closely miss Edmund.
Edmund is heavily wounded.
Edmund hits you with a +4 flail of protection.
* * * LOW HITPOINT WARNING * * *
You hit Edmund.
Edmund is heavily wounded.
Edmund hits you with a +4 flail of protection.
You die...

*,******* *,* *,* * *.# *
*********##### *.# *
*,,,,,,,,,...##******.#******
*,>,,,,,,,,...,,,,,,,..,,,,,+
*,,********#@#*******.#******
*,,#########@# *.# *
#.(#.....[.#.# ####.######*
#..#.#####.#.# #..........*
#..#.# #.#.# #..........+
#..#.# #.#.# #..........*
#..#.#####.#.#####..........*
#..#...............##.....##*
###..#######†#.#####.#*.....#
*
#............#+#####'##.....#
*


You could see Edmund.

Vanquished Creatures
  Sigmund (D:3)
  Crazy Yiuf (D:3)
  2 iguanas (D:4)
  2 adders
  A worm (D:4)
  3 dart slugs
  An orc (D:2)
  11 ball pythons
  4 bats
  5 endoplasms
  4 giant cockroaches
  5 goblins
  7 hobgoblins
  7 jackals
  4 quokkas (D:1)
  3 frilled lizards
  5 kobolds
  6 rats
72 creatures vanquished.

Notes
Turn   | Place    | Note
-------+----------+-------------------------------------------
     0 | D:1      | vineage the Gargoyle Gladiator began the quest for the Orb.
     0 | D:1      | Reached XP level 1. HP: 12/12 MP: 1/1
    76 | D:1      | Reached XP level 2. HP: 6/18 MP: 2/2
   385 | D:1      | Found Ewume's Magic Scroll Boutique.
   887 | D:1      | Found a faded altar of an unknown god.
   960 | D:1      | Reached skill level 3 in Fighting
  1376 | D:2      | Reached XP level 3. HP: 23/23 MP: 3/3
  1889 | D:2      | Reached XP level 4. HP: 18/28 MP: 4/4
  2398 | D:3      | Noticed Sigmund
  2412 | D:3      | Killed Sigmund
  2413 | D:3      | Reached skill level 4 in Fighting
  2413 | D:3      | Reached XP level 5. HP: 34/34 MP: 5/5
  2413 | D:3      | Reached XP level 6. HP: 40/40 MP: 6/6
  2521 | D:3      | Found a runed translucent door.
  2522 | D:3      | Noticed Crazy Yiuf
  2737 | D:3      | Reached skill level 5 in Fighting
  3384 | D:3      | Paralysed by Crazy Yiuf for 6 turns
  3395 | D:3      | Killed Crazy Yiuf
  4277 | D:4      | Noticed Edmund
  4304 | D:4      | Slain by Edmund

Illustrated notes

Levels and vault maps discovered:
D:1:      dpeg_arrival_rooms_b, layout_loops_ring, serial_shops, shop,
          shapermc_ecumenical_altar_flowoftime
D:2:      layout_rooms
D:3:      layout_loops_corners, kennysheep_generic_room_4,
          uniq_crazy_yiuf_cottage, uniq_sigmund
D:4:      layout_basic, serial_shops, nicolae_take_the_stairs, uniq_edmund

Skill      XL: |  1  2  3  4  5  6 |
---------------+-------------------+-----
Fighting       | 3 4 5 |  5.6
Dodging        | 3 |  3.4
Maces & Flails | 4 |  4.3
Throwing       | |  1.7

Action                   |  1- 3 |  4- 6 || total
-------------------------+-------+-------++-------
Melee: Flail             |    30 |       ||    30
       Whip              |   126 |   178 ||   304
       Punch             |     1 |       ||     1
  Use: Scroll            |     1 |     5 ||     6
       Potion            |       |     3 ||     3
 Stab: Invisible         |       |     2 ||     2
Armor: Leather armour    |    22 |       ||    22
       Plate armour      |   118 |    82 ||   200
Dodge: Dodged            |    88 |    42 ||   130
Block: Buckler           |       |    13 ||    13

Table legend: (Time is in decaauts)
 A = Elapsed time spent in this place.
 B = Non-inter-level travel time spent in this place.
 C = Inter-level travel time spent in this place.
 D = Time resting spent in this place.
 E = Time spent auto-exploring this place.
 F = Levels seen in this place.
 G = Mean time per level.
                   A        B        C        D        E       F      G
               +--------+--------+--------+--------+--------+-----+--------+
         Total |   4277 |   4079 |    198 |    240 |   3225 |   4 | 1069.2 |
       Dungeon |   4277 |   4079 |    198 |    240 |   3225 |   4 | 1069.2 |
               +--------+--------+--------+--------+--------+-----+--------+

Top non-repeatable levels by time:
     D:3: 1403 daAuts
     D:1: 1368 daAuts
     D:2: 889 daAuts
     D:4: 615 daAuts
